 Dungeon Crawl Stone Soup version 0.28.0-45-g0d030f2227 (webtiles) character file.

Game seed: 16461835173002029874

716 Bruhh the Cleaver (level 7, -11/57 HPs)
             Began as a Minotaur Fighter on Apr 23, 2022.
             Was a Follower of Nemelex Xobeh.
             Mangled by an orc warrior
             ... wielding a +0 battleaxe
              (17 damage)
             ... on level 5 of the Dungeon.
             The game lasted 00:06:42 (4327 turns).

Bruhh the Cleaver (Minotaur Fighter)                Turns: 4327, Time: 00:06:42

Health: -11/57     AC: 10    Str: 23    XL:     7   Next: 41%
Magic:  6/6        EV:  9    Int:  9    God:    Nemelex Xobeh [*.....]
Gold:   236        SH:  9    Dex:  9    Spells: 6/6 levels left

rFire   . . .      SeeInvis +   u - +10 mace "Daruibli" {vamp, Will+++ rCorr Int+4 SInv Stlth-}
rCold   . . .      Faith    .   c - +0 buckler
rNeg    . . .      Spirit   .   b - +0 scale mail
rPois   .          Reflect  +   (helmet restricted)
rElec   .          Harm     .   (no cloak)
rCorr   +          Rampage  .   (no gloves)
Will    +++..                   (no boots)
Stlth   ..........              r - amulet of reflection
HPRegen 0.19/turn               l - +4 ring of protection
MPRegen 0.10/turn               (no ring)

@: no status effects
A: horns 2, retaliatory headbutt
a: Renounce Religion, Draw Escape, Draw Destruction, Draw Summoning


You were on level 5 of the Dungeon.
You worshipped Nemelex Xobeh.
Nemelex Xobeh was aware of your devotion.
You visited 2 branches of the dungeon, and saw 7 of its levels.

You collected 236 gold pieces.

Inventory:

Hand Weapons
 a - a +0 war axe
 u - the +10 mace "Daruibli" (weapon) {vamp, Will+++ rCorr Int+4 SInv Stlth-}
   (You found it on level 4 of the Dungeon)

   It occasionally heals its wielder for a portion of the damage dealt when it
   wounds a living foe.
   Int:       It affects your intelligence (+4).
   SInv:      It lets you see invisible.
   rCorr:     It protects you from acid and corrosion.
   Will:      It greatly increases your willpower.
   Stlth:     It makes you less stealthy.
Armour
 b - a +0 scale mail (worn)
 c - a +0 buckler (worn)
Jewellery
 j - a +6 ring of intelligence
 k - a ring of fire
 l - a +4 ring of protection (left hand)
 r - an amulet of reflection (around neck)
 t - a ring of protection from cold
 A - a +4 ring of slaying
 D - a ring of ice
Wands
 y - a wand of flame (28)
 E - a wand of paralysis (11)
Scrolls
 f - a scroll of noise {unknown}
 i - 4 scrolls of teleportation {unknown}
 o - 2 scrolls of enchant armour {unknown}
 q - 2 scrolls of identify {unknown}
 s - a scroll of fog {unknown}
 v - a scroll of magic mapping {unknown}
 x - a scroll of torment {unknown}
 z - a scroll of silence {unknown}
Potions
 d - 2 potions of might
 e - a potion of flight {unknown}
 g - 5 potions of degeneration {unknown}
 h - a potion of haste {unknown}
 m - 2 potions of curing {unknown}
 n - 2 potions of brilliance {unknown}
 p - a potion of lignification {unknown}
 w - 2 potions of heal wounds {unknown}
 B - a potion of attraction {unknown}
 C - a potion of magic {unknown}


   Skills:
 - Level 3.6 Fighting
 + Level 10.1 Axes
 - Level 3.6 Armour
 - Level 3.6 Shields


You had 6 spell levels left.
You didn't know any spells.
Your spell library was empty.

Dungeon Overview and Level Annotations

Branches:
Dungeon (6/15)             Temple (1/1) D:4

Altars:
Ashenzari
Dithmenos
Fedhas
Nemelex Xobeh
Qazlal
Sif Muna
Trog
Uskayaw
Yredelemnul

Shops:
D:5 [


Innate Abilities, Weirdness & Mutations

You have a pair of horns on your head.
You reflexively headbutt those who attack you in melee.


Message History

The orc priest invokes the aid of Beogh against you.
Beogh smites you!
* * * LOW HITPOINT WARNING * * *
The orc priest calls upon Beogh to heal the orc warrior.
The orc warrior is healed somewhat.
There is a stone staircase leading up here.
You block the orc warrior's attack.
You climb upwards.
There is a stone staircase leading down here.
You closely miss the orc warrior.
The orc warrior is heavily wounded.
The orc warrior hits you but does no damage.
You closely miss the orc warrior.
You headbutt the orc warrior, but do no damage.
The orc warrior is heavily wounded.
The orc warrior hits you with a +0 battleaxe.
* * * LOW HITPOINT WARNING * * *
You hit the orc warrior.
The orc warrior is heavily wounded.
The orc warrior barely misses you. You furiously retaliate!
You headbutt the orc warrior! You hit the orc warrior.
Your headbutt misses the orc warrior.
The orc warrior is almost dead.
The orc warrior hits you with a +0 battleaxe!
* * * LOW HITPOINT WARNING * * *
You barely miss the orc warrior.
The orc warrior is almost dead.
You block the orc warrior's attack.
You closely miss the orc warrior.
The orc warrior is almost dead.
You block the orc warrior's attack.
You hit the orc warrior but do no damage.
Your headbutt misses the orc warrior.
The orc warrior is almost dead.
You block the orc warrior's attack.
You barely miss the orc warrior.
The orc warrior is almost dead.
The orc warrior hits you with a +0 battleaxe!
You die...
Your body disappears without a glow.

##.....#..# ##..##...#.......###
.#..#.##.####..###.##..........#
....####.###...###.##..........#
...## #......#..#...#..........##
.#######.....#...................
.............##.>................
.....#.#.....#....####...........
##...##....#.#..o.# ##†......#..
###.##.#.......@#### #.##....#..
#..##..##......##.###......####
#..##.............#.......##
##..###..##..)#............#
#...#...<....#.....##.....#
#........................##
###...#...............####
######........#...#.#
###...#.###.####


You could see an orc warrior.

Vanquished Creatures
  A sky beast (D:5)
  2 necrophages (D:5)
  An ogre (D:5)
  A scorpion (D:2)
  An orc priest (D:2)
  A hound (D:5)
  2 jellies (D:5)
  2 orc wizards
  2 gnolls (D:2)
  A howler monkey skeleton (D:3)
  3 adders
  An ufetubus (D:5)
  6 dart slugs
  2 orcs
  3 bats
  4 endoplasms
  A giant cockroach (D:3)
  7 hobgoblins
  7 kobolds
  5 quokkas
  6 ball pythons
  2 frilled lizards (D:1)
  7 goblins
  10 rats
78 creatures vanquished.

Vanquished Creatures (others)
  27 plants (D:2)
27 creatures vanquished.

Grand Total: 105 creatures vanquished

Notes
Turn   | Place    | Note
-------+----------+-------------------------------------------
     0 | D:1      | Bruhh the Minotaur Fighter began the quest for the Orb.
     0 | D:1      | Reached XP level 1. HP: 19/19 MP: 0/0
    53 | D:1      | Reached skill level 3 in Axes
    72 | D:1      | Reached XP level 2. HP: 25/26 MP: 1/1
   285 | D:1      | Reached skill level 4 in Axes
   620 | D:2      | Reached XP level 3. HP: 24/31 MP: 2/2
   898 | D:2      | Reached skill level 5 in Axes
   898 | D:2      | Reached XP level 4. HP: 36/39 MP: 3/3
   974 | D:2      | Found a faded altar of an unknown god.
  1108 | D:2      | Reached skill level 6 in Axes
  1432 | D:2      | Noticed a scorpion
  1445 | D:2      | Killed a scorpion
  1446 | D:2      | Reached XP level 5. HP: 22/45 MP: 4/4
  1447 | D:2      | Reached skill level 7 in Axes
  2350 | D:3      | Found a stormy altar of Qazlal.
  2961 | D:4      | Found a staircase to the Ecumenical Temple.
  3025 | Temple   | Entered the Ecumenical Temple
  3032 | Temple   | Became a worshipper of Nemelex Xobeh the Trickster
  3155 | D:4      | Identified the +10 mace "Daruibli" {vamp, Will+++ rCorr
                  | Int+4 SInv Stlth-}
  3421 | D:4      | Found a bloodstained altar of Trog.
  3779 | D:5      | Entered Level 5 of the Dungeon
  3795 | D:5      | Reached XP level 6. HP: 48/51 MP: 5/5
  3836 | D:5      | Reached skill level 8 in Axes
  4044 | D:5      | Reached skill level 9 in Axes
  4089 | D:5      | Noticed a sky beast
  4094 | D:5      | Killed a sky beast
  4095 | D:5      | Reached XP level 7. HP: 57/57 MP: 6/6
  4117 | D:5      | Found a hide-covered altar of Uskayaw.
  4136 | D:5      | Found Vizoidawn's Antique Armour Shop.
  4179 | D:5      | Reached skill level 10 in Axes
  4183 | D:5      | Reached * piety under Nemelex Xobeh
  4327 | D:5      | Mangled by an orc warrior

Illustrated notes

Levels and vault maps discovered:
D:1:      scummos_arrival_simple_fountains, layout_basic, chequers_arboretum,
          minmay_pentomino_z2
D:2:      wad_woods_tower, layout_rooms, shapermc_ecumenical_altar_flowoftime
D:3:      layout_basic, nicolae_qazlal_scattered_showers,
          nicolae_concentric_dashed_squares_mild
D:4:      layout_layer_cave, mainiacjoe_overflow_alcove_2,
          minmay_temple_entry_statues_fountains, minmay_misc_feat_iff,
          minivault_4
D:5:      layout_cave_pools, nicolae_uskayaw_suspiria, serial_shops, shop
D:6:      layout_cave_pools, nicolae_ossuary_entry_giza,
          chequers_serial_rivers_marsh
Temple:   eino_temple_rhombus

Skill      XL: |  1  2  3  4  5  6  7 |
---------------+----------------------+-----
Axes           | 3 4 5 6 7 9 10 | 10.1
Fighting       | |  3.6
Armour         | |  3.6
Shields        | |  3.6

Action                   |  1- 3 |  4- 6 |  7- 9 || total
-------------------------+-------+-------+-------++-------
Melee: War axe           |    60 |    79 |       ||   139
       Headbutt          |    10 |    15 |     2 ||    27
       Mace              |       |    17 |    21 ||    38
  Use: Potion            |       |     1 |       ||     1
Armor: Scale mail        |    23 |    35 |     5 ||    63
Dodge: Dodged            |    26 |    37 |     7 ||    70
Block: Buckler           |    14 |    24 |     8 ||    46
